 Dungeon Crawl Stone Soup version 0.19.1-1-g22dce08 (webtiles) character file.

165 Dolanko the Sneak (level 5, -1/24 HPs)
             Began as a Spriggan Enchanter on Jan 1, 2017.
             Slain by Purgy (2 damage)
             ... on level 3 of the Dungeon.
             The game lasted 00:07:29 (2650 turns).

Dolanko the Sneak (Spriggan Enchanter)              Turns: 2650, Time: 00:07:31

Health: -1/24      AC:  3    Str:  5    XL:     5   Next: 22%
Magic:  3/11       EV: 18    Int: 17    God:
Gold:   78         SH:  0    Dex: 16    Spells: 2 memorised, 8 levels left

rFire  . . .     SeeInvis +     a - +1 dagger
rCold  . . .     Gourm    .     b - +1 robe
rNeg   . . .     Faith    .     (shield restricted)
rPois  .         Spirit   .     (helmet restricted)
rElec  .         Reflect  .     (no cloak)
rCorr  .         Harm     .     (gloves unavailable)
MR     .....                    (boots unavailable)
Stlth  +++.......               (no amulet)
                                (no ring)
                                (no ring)

@: very slightly contaminated, very quick
A: unfitting armour, see invisible, herbivore 3, speed 3, slow metabolism 2
a: no special abilities


You were on level 3 of the Dungeon.
You were full.

You visited 1 branch of the dungeon, and saw 3 of its levels.

You collected 78 gold pieces.

Inventory:

Hand Weapons
 a - a +1 dagger (weapon)
Armour
 b - a +1 robe (worn)
Jewellery
 e - an uncursed ring of protection from magic {unknown}
 p - an uncursed ring of magical power {unknown}
Scrolls
 g - 3 scrolls of enchant weapon {unknown}
 h - a scroll of immolation {unknown}
 i - 2 scrolls of remove curse {unknown}
 j - 2 scrolls of identify {unknown}
 k - 3 scrolls of recharging {unknown}
 l - a scroll of magic mapping {unknown}
 o - a scroll of random uselessness {unknown}
 q - a scroll of amnesia {unknown}
Potions
 m - a potion of mutation {unknown}
 n - a potion of resistance {unknown}
Books
 c - a book of Maledictions

   Spells                             Type                      Level
   a - Corona                         Hexes                        1
   b - Ensorcelled Hibernation        Hexes/Ice                    2
   c - Confuse                        Hexes                        3
   d - Tukima's Dance                 Hexes                        3
   e - Dazzling Spray                 Conjuration/Hexes            3
Comestibles
 d - a bread ration
 f - 5 fruits
 r - a slice of pizza


   Skills:
 * Level 3.2 Short Blades
 - Level 3.0 Dodging
 + Level 6.0 Stealth
 + Level 3.8 Spellcasting
 + Level 4.6 Hexes


You had 8 spell levels left.
You knew the following spells:

 Your Spells              Type           Power        Failure   Level  Hunger
a - Corona                Hex            ###....      2%          1    None
b - Ensorcelled Hibernat  Hex/Ice        ##....       12%         2    ##.....


Dungeon Overview and Level Annotations

Branches:
Dungeon (3/15)

Altars:
Hepliaklqana
Uskayaw

Annotations:
D:3 Purgy


Innate Abilities, Weirdness & Mutations

You are very small and have problems with some larger weapons.
You are too small for most types of armour.
You have supernaturally acute eyesight. (SInv)
You are a herbivore.
You cover ground extremely quickly.
You need consume almost no food.


Message History

Confirm with . or Enter, or press ? or * to list all spells.
Aiming: Ensorcelled Hibernation
Press: ? - help, Shift-Dir - straight line, f/p - Purgy
Aim: Purgy (chance to defeat MR: 50%) Purgy resists with some effort.
Purgy bites you. Purgy barely misses you. Purgy completely misses you.
Unknown command.
Casting: Ensorcelled Hibernation
Confirm with . or Enter, or press ? or * to list all spells.
Aiming: Ensorcelled Hibernation
Press: ? - help, Shift-Dir - straight line, f/p - Purgy
Aim: Purgy (chance to defeat MR: 50%)
You miscast Ensorcelled Hibernation.
You are very lightly contaminated with residual magic.
A chill runs through your body.
Purgy pleads, "Don't hit me!"
Purgy bites you!
* * * LOW HITPOINT WARNING * * *
Purgy claws you.
You die...

. ... #######
.....#..@..##
........T...#
.........(...#
.............#
....w........#
(............#
.............#
.#.#.......>##
._.......)##


You could see Purgy and a worm.

Vanquished Creatures
  Terence (D:2)
  Natasha (D:2)
  4 gnolls (D:2)
  2 oozes (D:1)
  A worm (D:2)
  2 leopard geckos
  4 orcs (D:2)
  5 bats
  3 giant cockroaches
  7 goblins
  7 hobgoblins
  5 jackals
  A frilled lizard (D:1)
  10 kobolds
  6 rats
59 creatures vanquished.

Notes
Turn   | Place    | Note
-------+----------+-------------------------------------------
     0 | D:1      | Dolanko the Spriggan Enchanter began the quest for the Orb.
     0 | D:1      | Reached XP level 1. HP: 9/9 MP: 5/5
   142 | D:1      | Reached XP level 2. HP: 13/13 MP: 6/6
   146 | D:1      | Learned a level 2 spell: Ensorcelled Hibernation
   510 | D:1      | Reached XP level 3. HP: 16/16 MP: 5/8
   790 | D:2      | Found a hide-covered altar of Uskayaw.
   790 | D:2      | Noticed a hand axe
   790 | D:2      | Noticed a hand axe
   841 | D:2      | Noticed Terence
   849 | D:2      | Killed Terence
   849 | D:2      | Reached skill level 5 in Stealth
  1001 | D:2      | Found a faded altar of an unknown god.
  1057 | D:2      | Reached XP level 4. HP: 21/21 MP: 10/10
  2306 | D:3      | Noticed Natasha
  2307 | D:3      | Found a hazy altar of Hepliaklqana.
  2309 | D:3      | Noticed Purgy
  2521 | D:2      | Killed Natasha
  2521 | D:2      | Reached XP level 5. HP: 20/24 MP: 8/11
  2531 | D:2      | Reached skill level 6 in Stealth
  2650 | D:3      | HP: 1/24 [Purgy (7)]
  2650 | D:3      | Slain by Purgy

Skill      XL: |  1  2  3  4  5 |
---------------+----------------+-----
Spellcasting   | 3 |  3.8
Hexes          | 4 |  4.6
Short Blades   | 2 3 |  3.2
Stealth        | 5 6 |  6.0
Dodging        | |  3.0

Action                   |  1- 3 |  4- 6 || total
-------------------------+-------+-------++-------
Melee: Dagger            |    91 |    54 ||   145
 Cast: Ensorcelled Hiber |    16 |    41 ||    57
 Stab: Sleeping          |    22 |    22 ||    44
       Distracted        |       |     1 ||     1
  Eat: Bread ration      |       |     1 ||     1
       Fruit             |       |     1 ||     1
Armor: Robe              |     5 |     6 ||    11
Dodge: Dodged            |    57 |    62 ||   119
